 Dungeon Crawl Stone Soup version 0.29-a0-459-g97dee8cd24 (webtiles) character file.

Game seed: 6170059850760903582

21551 croobank the Covert (level 12, -16/145 HPs)
             Began as a Gnoll Delver on May 21, 2022.
             Was an Initiate of Gozag.
             Demolished by a culicivora (18 damage)
             ... on level 3 of the Lair of Beasts.
             The game lasted 00:59:05 (16253 turns).

croobank the Covert (Gnoll Delver)                 Turns: 16253, Time: 00:59:10

Health: -16/145    AC: 26    Str: 15    XL:     12   Next: 91%
Magic:  0/23       EV:  2    Int: 11    God:    Gozag
Gold:   910        SH:  0    Dex: 14    Spells: 26/26 levels left

rFire   + . .      SeeInvis .   r - +2 broad axe (vorpal)
rCold   + . .      Faith    .   (no shield)
rNeg    . . .      Spirit   +   (body armour currently unavailable)
rPois   +          Reflect  .   (helmet currently unavailable)
rElec   +          Harm     .   (cloak currently unavailable)
rCorr   +          Rampage  .   (gloves currently unavailable)
Will    +....      NoTele   +   (boots currently unavailable)
Stlth   +++++.....              B - amulet of guardian spirit
HPRegen 0.34/turn               k - ring of poison resistance
MPRegen 0.18/turn               q - +4 ring of slaying

@: mighty, tree-form, resistant, gold aura, hasted, very quick
A: stationary, stasis, torment immunity, boosted hp, (fangs 1), strong nose,
distributed training, strong-willed 1, sense surroundings 1
a: End Transformation, Renounce Religion, Potion Petition, Call Merchant, Bribe
Branch


You were on level 3 of the Lair of Beasts.
You worshipped Gozag.
Gozag was pleased with you.
You were a tree.
You visited 3 branches of the dungeon, and saw 13 of its levels.

You collected 2302 gold pieces.
You spent 165 gold pieces at shops.
You paid 1227 gold pieces to Gozag.

Inventory:

Hand Weapons
 h - a +1 vorpal war axe
 r - a +2 vorpal broad axe (weapon)
 u - a +4 vampiric scythe
 E - a +4 scimitar of flaming
 I - a +1 short sword of speed
 K - a +0 battleaxe
 P - a +3 vampiric great sword
 R - a +5 halberd
 T - a +1 whip of holy wrath
 V - the +6 trident "Veumup" {elec, rElec}
   (You found it on level 7 of the Dungeon)

   It occasionally discharges a powerful burst of electricity upon striking a
   foe.
   rElec:     It insulates you from electricity.
 Z - a +0 dire flail
Missiles
 n - 16 javelins (quivered)
 s - a throwing net
 H - a curare-tipped dart
 S - 2 boomerangs
Armour
 b - a +0 leather armour
 d - a +0 pair of gloves (melded)
 p - a +1 helmet (melded)
 y - a +0 plate armour (melded)
 D - a +0 chain mail
 N - a +0 buckler
 O - a +0 ring mail
 X - a scarf of repulsion (melded)
Jewellery
 a - a +6 ring of strength
 e - a ring of ice
 i - an amulet of magic regeneration
 k - a ring of poison resistance (left branch)
 q - a +4 ring of slaying (right branch)
 t - a +6 ring of intelligence
 v - a +4 ring of evasion
 B - an amulet of guardian spirit (around neck)
 C - a ring of resist corrosion
 L - a ring of protection from cold
 Y - a +6 ring of strength
Wands
 g - a wand of digging (4)
 z - a wand of polymorph (13)
Scrolls
 c - 2 scrolls of fog
 m - 7 scrolls of teleportation
 x - 3 scrolls of magic mapping
 Q - a scroll of identify
Potions
 f - 2 potions of brilliance
 j - 2 potions of cancellation
 l - a potion of ambrosia
 o - 2 potions of lignification
 A - 2 potions of curing
 F - a potion of resistance
 G - a potion of flight
 J - 3 potions of mutation
 W - 2 potions of berserk rage
Miscellaneous
 w - a lightning rod (1/4)


   Skills:
 + Level 10.2 Fighting
 + Level 7.7 Short Blades
 + Level 7.7 Long Blades
 + Level 9.1 Axes
 + Level 7.7 Maces & Flails
 + Level 7.7 Polearms
 + Level 7.7 Staves
 + Level 7.7 Slings
 + Level 7.7 Bows
 + Level 7.7 Crossbows
 + Level 7.7 Throwing
 + Level 7.7 Armour
 + Level 9.1 Dodging
 + Level 12.2 Stealth
 + Level 7.7 Shields
 + Level 7.7 Unarmed Combat
 + Level 7.7 Spellcasting
 + Level 6.4 Conjurations
 + Level 6.4 Hexes
 + Level 6.4 Summonings
 + Level 6.4 Necromancy
 + Level 6.4 Translocations
 + Level 6.4 Transmutations
 + Level 6.4 Fire Magic
 + Level 6.4 Ice Magic
 + Level 6.4 Air Magic
 + Level 6.4 Earth Magic
 + Level 6.4 Poison Magic
 + Level 8.5 Invocations
 + Level 7.7 Evocations


You had 26 spell levels left.
You didn't know any spells.
Your spell library contained the following spells:

 Spells                   Type           Power      Damage    Failure   Level
 Freeze                   Ice            72%        1d9       1%          1
 Ensorcelled Hibernation  Hex/Ice        36%        N/A       1%          2
 Conjure Flame            Conj/Fire      18%        6-21      3%          3
 Frozen Ramparts          Ice            36%        1d5       3%          3
 Ignite Poison            Fire/Tmut/Pois 18%        N/A       3%          3
 Spider Form              Tmut/Pois      18%        N/A       3%          3
 Anguish                  Hex/Necr       9%         N/A       12%         4
 Hailstorm                Conj/Ice       18%        3d6       12%         4
 Sticky Flame             Conj/Fire      18%        2d4       12%         4
 Conjure Ball Lightning   Conj/Air       9%         3x3d6     87%         6
 Discord                  Hex            9%         N/A       100%        8
 Disjunction              Tloc           9%         N/A       100%        8


Dungeon Overview and Level Annotations

Branches:
Dungeon (9/15)             Temple (1/1) D:5            Lair (3/6) D:9
 Shoals (0/4) Lair:3       Spider (0/4) Lair:3
    Orc: D:9-12

Altars:
Ashenzari
Cheibriados
Dithmenos
Elyvilon
Fedhas
Gozag
Hepliaklqana
Kikubaaqudgha
Makhleb
Nemelex Xobeh
Okawaru
Qazlal
Ru
Sif Muna
Uskayaw
Vehumet
Wu Jian
Xom
Zin
The Shining One

Shops:
D:4 !   D:9 (

Annotations:
D:9 4 runed translucent doors, WrathWritWry's ghost, novice DsBr


Innate Abilities, Weirdness & Mutations

You are a tree.
Your roots penetrate the ground, keeping you stationary.
You cannot be teleported.
You are immune to unholy pain and torment.
Your maximum health is greatly increased.
Your equipment is partially melded.
((You have very sharp teeth.))
Your uncanny sense of smell can sniff out nearby items.
Your experience applies equally to all skills.
You are strong-willed. (Will+)
You passively map a small area around you.


Message History

* * * LOW HITPOINT WARNING * * *
The culicivora draws strength from your injuries!
The culicivora bites you!
* * * LOW HITPOINT WARNING * * *
The culicivora draws strength from your injuries! [a] - 408 gold - resistance, lignification and might [b] - 546 gold - haste, curing and magic [c] - 312 gold - invisibility and might Purchase which effect?
You feel protected.
You turn into a tree.
Your scarf of repulsion melds into your body.
Your +1 helmet melds into your body.
Your +0 pair of gloves melds into your body.
Your +0 plate armour melds into your body.
The haze of the repulsion field disappears.
Your roots penetrate the ground.
You feel very mighty all of a sudden.
The culicivora bites you but does no damage.
The culicivora bites you.
* * * LOW HITPOINT WARNING * * *
The culicivora draws strength from your injuries!
You feel better. The culicivora bites you!!
* * * LOW HITPOINT WARNING * * *
The culicivora draws strength from your injuries! [a] - 440 gold - haste and resistance [b] - 384 gold - heal wounds, magic and curing [c] - 260 gold - heal wounds and magic Purchase which effect?
You feel yourself speed up.
You feel protected.
The culicivora bites you but does no damage.
The culicivora is distracted by your dazzling golden aura.
The culicivora hisses angrily.
You slash the culicivora!
The culicivora is no longer distracted by gold.
The culicivora is moderately wounded.
The culicivora bites you!!
You die...
Your body crumbles into a pile of gold.

### #### ######.#####.P###
* * # .##..#..........# *,
.# .#..............# * ,...
....^...........#### .... *
...##...........#..##*?....
...P#...........$s..#......
...###..........♣#...+ , ,
..## #........######.....#
.## #........# ** ##s##.# *
## ##....#### ∆ * *.# , #
###......# , , * .. #
#........# ∆ ,, * .#
.###Y.<.....##, , * .
.P.≈≈♣≈≈.≈...## ∆, * ∆*
.Y≈≈≈)♣≈......##* ∆,


You could see a culicivora.

Vanquished Creatures
  A hydra (Lair:2)
  Erica (D:9)
  Urug (Lair:2)
  A deep troll (Lair:1)
  4 elephants
  2 black mambas (Lair:2)
  A merfolk siren (Lair:3)
  3 cane toads
  4 komodo dragons
  3 merfolk (Lair:3)
  A troll (D:7)
  11 blink frogs
  Grinder (D:6)
  A culicivora (Lair:3)
  Sigmund (D:2)
  3 wyverns (D:9)
  28 yaks
  2 basilisks
  Eustachio (D:5)
  14 water moccasins
  An ice beast (D:6)
  2 sky beasts
  3 orc warriors
  9 black bears
  8 wolves
  2 centaurs
  3 ogres (D:5)
  A kobold brigand (D:5)
  13 bullfrogs
  2 gnoll sergeants
  4 scorpions
  11 wights
  4 howler monkeys
  4 hounds
  A gnoll shaman (D:9)
  5 orc priests
  Jessica (D:2)
  An iguana (D:6)
  8 orc wizards
  Natasha (thrice) (D:2)
  21 gnolls
  3 adders
  A shadow imp (D:6)
  A white imp (D:7)
  An ufetubus (D:5)
  4 worms
  2 dart slugs
  22 orcs
  8 bats
  6 endoplasms
  A giant cockroach (D:3)
  2 goblins
  2 hobgoblins (D:2)
  12 kobolds
  2 quokkas (D:3)
  6 ball pythons
  2 frilled lizards
  5 rats
271 creatures vanquished.

Vanquished Creatures (others)
  57 fungi
  57 plants
114 creatures vanquished.

Grand Total: 385 creatures vanquished

Notes
Turn   | Place    | Note
-------+----------+-------------------------------------------
     0 | D:5      | Reached skill level 9 in Stealth
     0 | D:5      | croobank the Gnoll Delver began the quest for the Orb.
     0 | D:5      | Reached XP level 1. HP: 23/23 MP: 1/1
    72 | D:5      | Noticed a hound
    81 | D:5      | Noticed an ogre
    82 | D:5      | Noticed a scorpion
    83 | D:5      | Noticed an ogre
   147 | D:3      | Reached XP level 2. HP: 29/29 MP: 2/2
   401 | D:3      | Reached XP level 3. HP: 16/35 MP: 3/3
   778 | D:2      | Found a broken altar of Ashenzari.
   814 | D:2      | Noticed Sigmund
   986 | D:1      | Reached skill level 1 in Invocations
  1329 | D:2      | Reached skill level 1 in Short Blades
  1329 | D:2      | Reached skill level 1 in Long Blades
  1329 | D:2      | Reached skill level 1 in Maces & Flails
  1329 | D:2      | Reached skill level 1 in Polearms
  1329 | D:2      | Reached skill level 1 in Staves
  1329 | D:2      | Reached skill level 1 in Slings
  1329 | D:2      | Reached skill level 1 in Bows
  1329 | D:2      | Reached skill level 1 in Crossbows
  1329 | D:2      | Reached skill level 1 in Throwing
  1329 | D:2      | Reached skill level 1 in Armour
  1329 | D:2      | Reached skill level 1 in Shields
  1329 | D:2      | Reached skill level 1 in Unarmed Combat
  1329 | D:2      | Reached skill level 1 in Spellcasting
  1329 | D:2      | Reached skill level 1 in Evocations
  1471 | D:2      | Killed Sigmund
  1472 | D:2      | Reached skill level 1 in Conjurations
  1472 | D:2      | Reached skill level 1 in Hexes
  1472 | D:2      | Reached skill level 1 in Summonings
  1472 | D:2      | Reached skill level 1 in Necromancy
  1472 | D:2      | Reached skill level 1 in Translocations
  1472 | D:2      | Reached skill level 1 in Transmutations
  1472 | D:2      | Reached skill level 1 in Fire Magic
  1472 | D:2      | Reached skill level 1 in Ice Magic
  1472 | D:2      | Reached skill level 1 in Air Magic
  1472 | D:2      | Reached skill level 1 in Earth Magic
  1472 | D:2      | Reached skill level 1 in Poison Magic
  1472 | D:2      | Reached XP level 4. HP: 9/41 MP: 4/6
  1472 | D:2      | Reached XP level 5. HP: 10/47 MP: 4/7
  1978 | D:2      | Noticed Jessica
  1984 | D:2      | Killed Jessica
  1985 | D:2      | Reached XP level 6. HP: 50/53 MP: 8/8
  2033 | D:2      | Noticed Natasha
  2037 | D:2      | Killed Natasha
  2167 | D:2      | Noticed Natasha
  2170 | D:2      | Killed Natasha
  2171 | D:2      | Reached skill level 5 in Axes
  2171 | D:2      | Reached skill level 5 in Dodging
  2195 | D:2      | Noticed Natasha
  2198 | D:2      | Killed Natasha
  2596 | D:3      | Found a faded altar of an unknown god.
  3803 | D:4      | Reached XP level 7. HP: 56/59 MP: 7/10
  3866 | D:4      | Found Xiunesil's Distillery.
  3871 | D:4      | Bought a potion of heal wounds for 55 gold pieces
  3871 | D:4      | Bought a potion of resistance for 110 gold pieces
  4405 | D:5      | Noticed Eustachio
  4433 | D:5      | Killed Eustachio
  4434 | D:5      | Reached skill level 10 in Stealth
  4452 | D:5      | Reached XP level 8. HP: 39/67 MP: 6/12
  4753 | D:5      | Found a staircase to the Ecumenical Temple.
  4994 | Temple   | Entered the Ecumenical Temple
  5001 | Temple   | Became a worshipper of Gozag Ym Sagoz the Greedy
  5390 | D:6      | Reached XP level 9. HP: 72/72 MP: 14/14
  5435 | D:6      | Noticed Grinder
  5442 | D:6      | Killed Grinder
  6508 | D:7      | Found a snail-covered altar of Cheibriados.
  6843 | D:7      | Reached skill level 5 in Invocations
  7144 | D:7      | Noticed a troll
  7154 | D:7      | HP: 3/74 [troll (7)]
  7160 | D:7      | Killed a troll
  7587 | D:7      | Identified the +6 trident "Veumup" {elec, rElec}
  7710 | D:7      | Found a hazy altar of Hepliaklqana.
  7883 | D:8      | Reached XP level 10. HP: 80/80 MP: 17/17
  7999 | D:8      | Reached skill level 5 in Short Blades
  7999 | D:8      | Reached skill level 5 in Long Blades
  7999 | D:8      | Reached skill level 5 in Maces & Flails
  7999 | D:8      | Reached skill level 5 in Polearms
  7999 | D:8      | Reached skill level 5 in Staves
  7999 | D:8      | Reached skill level 5 in Slings
  7999 | D:8      | Reached skill level 5 in Bows
  7999 | D:8      | Reached skill level 5 in Crossbows
  7999 | D:8      | Reached skill level 5 in Throwing
  7999 | D:8      | Reached skill level 5 in Armour
  7999 | D:8      | Reached skill level 5 in Shields
  7999 | D:8      | Reached skill level 5 in Unarmed Combat
  7999 | D:8      | Reached skill level 5 in Spellcasting
  7999 | D:8      | Reached skill level 5 in Evocations
  8722 | D:9      | Reached skill level 11 in Stealth
  8726 | D:9      | HP: 2/82 [komodo dragon (20)]
  9301 | D:9      | Found a staircase to the Lair.
  9449 | D:9      | Found Ofoeruf's Antique Weapon Shop.
  9714 | D:9      | Found a runed translucent gate.
  9715 | D:9      | Found a runed translucent gate.
  9716 | D:9      | Found a runed translucent gate.
  9716 | D:9      | Noticed WrathWritWry's ghost (novice DsBr)
  9729 | D:9      | Noticed a centaur warrior
  9763 | D:9      | Gained mutation: You are strong-willed. (Will+) [potion of
                  | mutation]
  9763 | D:9      | Gained mutation: You passively map a small area around you.
                  | [potion of mutation]
  9930 | D:9      | Reached XP level 11. HP: 56/87 MP: 12/19
 10206 | D:9      | Noticed Erica
 10387 | D:9      | Killed Erica
 10388 | D:9      | Reached skill level 5 in Conjurations
 10388 | D:9      | Reached skill level 5 in Hexes
 10388 | D:9      | Reached skill level 5 in Summonings
 10388 | D:9      | Reached skill level 5 in Necromancy
 10388 | D:9      | Reached skill level 5 in Translocations
 10388 | D:9      | Reached skill level 5 in Transmutations
 10388 | D:9      | Reached skill level 5 in Fire Magic
 10388 | D:9      | Reached skill level 5 in Ice Magic
 10388 | D:9      | Reached skill level 5 in Air Magic
 10388 | D:9      | Reached skill level 5 in Earth Magic
 10388 | D:9      | Reached skill level 5 in Poison Magic
 11149 | D:9      | Found a runed translucent door.
 11216 | Lair:1   | Entered Level 1 of the Lair of Beasts
 12871 | Lair:1   | Noticed a deep troll
 12879 | Lair:1   | Killed a deep troll
 12943 | Lair:2   | Noticed Urug
 12960 | Lair:2   | Killed Urug
 13250 | Lair:2   | Reached XP level 12. HP: 56/96 MP: 15/22
 13433 | Lair:2   | Noticed a six-headed hydra
 13447 | Lair:2   | Killed a two-headed hydra
 13780 | Lair:2   | HP: 3/97 [blink frog (3)]
 14278 | Lair:2   | Reached skill level 12 in Stealth
 15163 | Lair:3   | Reached skill level 10 in Fighting
 15703 | Lair:3   | Found a staircase to the Shoals.
 16251 | Lair:3   | HP: 1/145 [culicivora (16)]
 16253 | Lair:3   | Demolished by a culicivora

Illustrated notes

Levels and vault maps discovered:
D:1:      shiori_arrival_maze, layout_rooms, chequers_serial_rivers_small_b,
          minmay_misc_feat_iff, chequers_serial_rivers_micro_e,
          serial_bayou_pond_d, minmay_misc_feat_doors
D:2:      layout_basic, basic_altar, uniq_jessica, uniq_natasha, uniq_sigmund
D:3:      layout_loops_ring, shapermc_ecumenical_altar_gd, minmay_starry_boxes
D:4:      nicolae_BIG_FREAKIN_CUBE, layout_loops_ring, serial_shops,
          kennysheep_little_box, minmay_hedge_maze, hangedman_decor_slide_cut,
          nicolae_concentric_dashed_squares_mild
D:5:      layout_basic, minmay_temple_entry_trees, uniq_eustachio
D:6:      layout_rooms, lightli_minifort, uniq_grinder
D:7:      layout_basic, mainiacjoe_overflow_alcove_4, marbit_many_paths
D:8:      layout_loops_ring
D:9:      gammafunk_indiana_jones, layout_loops_corners,
          due_lair_maze_entry_diamond, serial_shops,
          nicolae_shop_overgrown_old_shop, gammafunk_ghost_split, uniq_erica
Temple:   nicolae_temple_no_exploring_needed
Lair:1:   dreamdust_cave_troll, layout_small_grid
Lair:2:   layout_cave_shapes, grunt_megastairs_2, lemuel_fruit_tree,
          infiniplex_staircase_pool_2, serial_bayou_shore_b, uniq_urug
Lair:3:   layout_roguey, elwin_shoals_entry_stream,
          hellmonk_spider_entry_life_and_decay, nicolae_quartered_pool_little,
          chequers_serial_rivers_marsh, kennysheep_catoblepas_arena

Skill      XL: |  1  2  3  4  5  6  7  8  9 10 11 12 |
---------------+-------------------------------------+-----
Stealth        | 10 11 12 | 12.2
Invocations    | 1 2 3 4 5 6 7 8 |  8.5
Short Blades   | 1 2 3 4 5 6 7 |  7.7
Long Blades    | 1 2 3 4 5 6 7 |  7.7
Maces & Flails | 1 2 3 4 5 6 7 |  7.7
Polearms       | 1 2 3 4 5 6 7 |  7.7
Staves         | 1 2 3 4 5 6 7 |  7.7
Slings         | 1 2 3 4 5 6 7 |  7.7
Bows           | 1 2 3 4 5 6 7 |  7.7
Crossbows      | 1 2 3 4 5 6 7 |  7.7
Throwing       | 1 2 3 4 5 6 7 |  7.7
Armour         | 1 2 3 4 5 6 7 |  7.7
Shields        | 1 2 3 4 5 6 7 |  7.7
Unarmed Combat | 1 2 3 4 5 6 7 |  7.7
Spellcasting   | 1 2 3 4 5 6 7 |  7.7
Evocations     | 1 2 3 4 5 6 7 |  7.7
Conjurations   | 1 2 3 4 5 6 |  6.4
Hexes          | 1 2 3 4 5 6 |  6.4
Summonings     | 1 2 3 4 5 6 |  6.4
Necromancy     | 1 2 3 4 5 6 |  6.4
Translocations | 1 2 3 4 5 6 |  6.4
Transmutations | 1 2 3 4 5 6 |  6.4
Fire Magic     | 1 2 3 4 5 6 |  6.4
Ice Magic      | 1 2 3 4 5 6 |  6.4
Air Magic      | 1 2 3 4 5 6 |  6.4
Earth Magic    | 1 2 3 4 5 6 |  6.4
Poison Magic   | 1 2 3 4 5 6 |  6.4
Axes           | 5 6 7 8 9 |  9.1
Dodging        | 5 6 7 8 9 |  9.1
Fighting       | 7 8 9 10 | 10.2

Action                   |  1- 3 |  4- 6 |  7- 9 | 10-12 || total
-------------------------+-------+-------+-------+-------++-------
Melee: Hand axe          |    81 |     1 |       |       ||    82
       Bite              |     8 |     2 |    18 |    64 ||    92
       Punch             |     1 |       |       |    24 ||    25
       Scythe            |       |    75 |   183 |       ||   258
       Trident           |       |       |     2 |   455 ||   457
       Unarmed           |       |       |       |     7 ||     7
       Broad axe         |       |       |       |   103 ||   103
       Scimitar          |       |       |       |     6 ||     6
Throw: Javelin           |     2 |       |     1 |       ||     3
       Dart              |       |       |     2 |     1 ||     3
Invok: Potion Petition   |       |       |       |     3 ||     3
Evoke: Wand              |       |       |       |    10 ||    10
       Lightning rod     |       |       |       |     4 ||     4
  Use: Scroll            |     6 |     1 |     5 |    11 ||    23
       Potion            |     2 |     3 |     5 |     9 ||    19
 Stab: Sleeping          |     5 |    13 |     3 |       ||    21
       Distracted        |     1 |     2 |       |     7 ||    10
       Paralysed         |       |       |       |     5 ||     5
Armor: Leather armour    |    17 |    16 |       |       ||    33
       Chain mail        |       |     7 |   138 |    77 ||   222
       Plate armour      |       |       |       |   203 ||   203
       Skin              |       |       |       |     2 ||     2
Dodge: Dodged            |    41 |    69 |   116 |   208 ||   434

Table legend: (Time is in decaauts)
 A = Elapsed time spent in this place.
 B = Non-inter-level travel time spent in this place.
 C = Inter-level travel time spent in this place.
 D = Time resting spent in this place.
 E = Time spent auto-exploring this place.
 F = Levels seen in this place.
 G = Mean time per level.
                   A        B        C        D        E       F      G
               +--------+--------+--------+--------+--------+-----+--------+
         Total |  16483 |  15766 |    717 |   3752 |   8748 |  13 | 1267.9 |
       Dungeon |  11400 |  10826 |    574 |   1953 |   6516 |   9 | 1266.7 |
        Temple |     14 |      7 |      7 |      0 |      0 |   1 |   14.0 |
          Lair |   5068 |   4932 |    136 |   1799 |   2231 |   3 | 1689.3 |
               +--------+--------+--------+--------+--------+-----+--------+

Top non-repeatable levels by time:
  Lair:2: 2257 daAuts
     D:7: 2106 daAuts
     D:9: 1956 daAuts
  Lair:1: 1695 daAuts
     D:2: 1460 daAuts
     D:8: 1352 daAuts
     D:4: 1183 daAuts
     D:5: 1132 daAuts
  Lair:3: 1115 daAuts
     D:3: 960 daAuts
     D:6: 841 daAuts
     D:1: 408 daAuts
  Temple: 14 daAuts
